 Dungeon Crawl Stone Soup version 0.20.1-1-g8b1a95d (webtiles) character file.

256 equalderp2856 the Skirmisher (level 5, -1/42 HPs)
             Began as a Mummy Fighter on Oct 25, 2017.
             Killed from afar by an orc wizard (5 damage)
             ... with a magic dart
             ... on level 3 of the Dungeon.
             The game lasted 00:05:21 (3475 turns).

equalderp2856 the Skirmisher (Mummy Fighter)        Turns: 3475, Time: 00:05:21

Health: -1/42      AC: 11    Str: 20    XL:     5   Next: 92%
Magic:  6/6        EV:  3    Int:  8    God:
Gold:   171        SH:  9    Dex: 11    Spells: 6/6 levels left

rFire    x . .     SeeInvis .   a - +0 war axe
rCold    + . .     Gourm    .   c - +0 shield
rNeg     + + +     Faith    .   j - +0 plate armour
rPois    ∞         Spirit   .   (no helmet)
rElec    .         Reflect  .   (no cloak)
rCorr    .         Harm     .   (no gloves)
MR       .....                  (no boots)
Stlth    ..........             (no amulet)
Regen    0.2/turn               (no ring)
MPRegen  0.1/turn               (no ring)

@: no status effects
A: no food or potions, fire vulnerability, cold resistance 1, negative energy
resistance 3, torment resistance, unbreathing
a: no special abilities


You were on level 3 of the Dungeon.
You were not hungry.

You visited 1 branch of the dungeon, and saw 4 of its levels.

You collected 171 gold pieces.

Inventory:

Hand Weapons
 a - a +0 war axe (weapon)
Armour
 b - a +0 scale mail
 c - a +0 shield (worn)
 j - a +0 plate armour (worn)
Jewellery
 d - an uncursed ring of magical power {unknown}
Scrolls
 e - 4 scrolls of magic mapping {unknown}
 f - a scroll of amnesia {unknown}
 g - 2 scrolls of fear {unknown}
 h - 5 scrolls of identify {unknown}
 i - a scroll of teleportation {unknown}
 k - a scroll of remove curse {unknown}
 l - a scroll of blinking {unknown}


   Skills:
 + Level 3.7 Fighting
 * Level 3.6 Axes
 + Level 2.9 Armour
 + Level 0.5 Dodging
 + Level 0.3 Stealth
 + Level 3.1 Shields
 * Level 1.2 Spellcasting


You had 6 spell levels left.
You didn't know any spells.

Dungeon Overview and Level Annotations

Branches:
Dungeon (4/15)
 Temple: D:4-7

Altars:
Qazlal


Innate Abilities, Weirdness & Mutations

You do not eat or drink.
Your flesh is vulnerable to fire.
You are immune to poison.
Your flesh is cold resistant. (rC+)
You are immune to negative energy. (rN+++)
You are immune to unholy pain and torment.
You can survive without breathing.


Message History

a robe; a flail; the orc skeleton of Blork the orc Your plate armour prevents you from hitting something.
Something hits you.
* * * LOW HITPOINT WARNING * * *
Something hits you but does no damage.
You hear some strange, mumbled words.
A puff of flame appears from out of thin air!
The puff of flame hits you! The fire burns you terribly!
* * * LOW HITPOINT WARNING * * *
You are confused.
You bump into the rock wall.
Unknown command.
You bump into the rock wall.
You bump into the rock wall.
Something hits you but does no damage.
You bump into the rock wall.
Something hits you but does no damage.
You feel less confused.
A frilled lizard comes into view.
A magic dart appears from out of thin air!
The magic dart hits you!
You die...

#....# #....# #.##.# #....#
###..# #.##.#
#....######.####.##.# #####
#................##.# #...#
#....#######.######.# #...#
#....# #.######.# #...# ##....##
#.#....... ######...# #......#
#......... #...##...# #...l@.#
##........ #...##...# #......#
#........ #...##...#######.##
##.####.#
#.).'............#########.####.#
#...##...########.............#.#
#...##...# #.............#.#
##'###...########.............#.#
#.# #####....................#.#
#.# #...........#######..#.#


You could see a frilled lizard.

Vanquished Creatures
  Blork the orc (D:3)
  2 orc priests
  3 adders (D:2)
  2 river rats (D:3)
  A worm (D:3)
  4 dart slugs (D:1)
  A leopard gecko (D:1)
  7 orcs
  3 ball pythons
  11 bats
  3 giant cockroaches
  7 hobgoblins
  2 jackals (D:3)
  7 kobolds
  A quokka (D:2)
  5 frilled lizards
  7 goblins
  7 rats
74 creatures vanquished.

Notes
Turn   | Place    | Note
-------+----------+-------------------------------------------
     0 | D:1      | equalderp2856 the Mummy Fighter began the quest for the Orb.
     0 | D:1      | Reached XP level 1. HP: 18/18 MP: 1/1
   126 | D:1      | Reached XP level 2. HP: 21/24 MP: 2/2
   725 | D:1      | Reached XP level 3. HP: 27/29 MP: 3/3
  1120 | D:2      | Found a stormy altar of Qazlal.
  1122 | D:2      | Noticed a fire elemental
  1122 | D:2      | Noticed a water elemental
  1123 | D:2      | Noticed an earth elemental
  1123 | D:2      | Noticed an air elemental
  1466 | D:2      | Reached XP level 4. HP: 13/35 MP: 4/4
  2079 | D:3      | Found a glowing drain.
  2716 | D:3      | Reached XP level 5. HP: 22/41 MP: 5/5
  3206 | D:4      | Noticed Blork the orc
  3225 | D:3      | Killed Blork the orc
  3372 | D:4      | Reached skill level 1 in Spellcasting
  3461 | D:3      | HP: 2/42 [something/puff of flame (3)]
  3475 | D:3      | Killed from afar by an orc wizard

Skill      XL: |  1  2  3  4  5 |
---------------+----------------+-----
Axes           | 2 3 |  3.6
Shields        | 3 |  3.1
Spellcasting   | 1 |  1.2
Fighting       | |  3.7
Armour         | |  2.9
Dodging        | |  0.5
Stealth        | |  0.3

Action                   |  1- 3 |  4- 6 || total
-------------------------+-------+-------++-------
Melee: War axe           |   159 |   182 ||   341
Armor: Scale mail        |    79 |    34 ||   113
       Plate armour      |       |    94 ||    94
Dodge: Dodged            |    66 |    31 ||    97
Block: Shield            |    90 |    81 ||   171
